 Dungeon Crawl Stone Soup version 0.27.0-1-g7a089689b8 (webtiles) character file.

Game seed: 2125763302656730505

823 karlwayne the Chopper (level 7, -11/60 (61) HPs)
             Began as a Hill Orc Fighter on Aug 7, 2021.
             Killed by divine providence
             ... invoked by an orc priest
              (13 damage)
             ... on level 4 of the Dungeon.
             The game lasted 00:06:03 (4373 turns).

karlwayne the Chopper (Hill Orc Fighter)            Turns: 4373, Time: 00:06:04

HP:   -11/60 (61)   AC:  8    Str: 21    XL:     7   Next: 96%
MP:   7/7           EV:  8    Int:  8    God:
Gold: 189           SH: 10    Dex: 10    Spells: 6/6 levels left

rFire    . . .     SeeInvis .   a - +0 war axe
rCold    . . .     Faith    .   c - +0 kite shield
rNeg     . . .     Spirit   .   b - +0 scale mail
rPois    .         Reflect  .   (no helmet)
rElec    .         Harm     .   (no cloak)
rCorr    .         Rampage  .   (no gloves)
Will     .....                  k - +0 pair of boots
Stlth    ..........             (no amulet)
HPRegen  0.20/turn              (no ring)
MPRegen  0.10/turn              (no ring)

@: lightly drained
A: no striking features
a: Convert to Beogh


You were on level 4 of the Dungeon.
You visited 1 branch of the dungeon, and saw 4 of its levels.

You collected 189 gold pieces.

Inventory:

Hand Weapons
 a - a +0 war axe (weapon)
Missiles
 e - 4 atropa-tipped darts (quivered)
 g - 16 poisoned darts
Armour
 b - a +0 scale mail (worn)
 c - a +0 kite shield (worn)
 k - a +0 pair of boots (worn)
Jewellery
 p - a +4 ring of slaying
Wands
 x - a wand of acid (9)
Scrolls
 f - a scroll of brand weapon {unknown}
 h - a scroll of magic mapping {unknown}
 i - 6 scrolls of identify {unknown}
 j - 2 scrolls of noise {unknown}
 l - a scroll of teleportation {unknown}
 m - a scroll of enchant armour {unknown}
 n - 2 scrolls of blinking {unknown}
 o - a scroll of silence {unknown}
 q - a scroll of summoning {unknown}
 r - a scroll of fog {unknown}
 s - a scroll of acquirement {unknown}
 v - a scroll of fear {unknown}
 y - a scroll of torment {unknown}
 z - a scroll of amnesia {unknown}
Potions
 d - a potion of might
 u - a potion of degeneration {unknown}
 w - a potion of cancellation {unknown}


   Skills:
 + Level 5.4 Fighting
 + Level 7.8 Axes
 + Level 4.9 Armour
 + Level 1.6 Dodging
 + Level 0.1 Stealth
 + Level 5.1 Shields


You had 6 spell levels left.
You didn't know any spells.
Your spell library contained the following spells:

 Spells                   Type           Power      Damage    Failure   Level
 Summon Small Mammal      Summ           0%         N/A       99%         1
 Corpse Rot               Necr/Air       N/A        N/A       99%         2
 Poisonous Vapours        Pois/Air       0%         N/A       99%         2
 Call Canine Familiar     Summ           0%         N/A       100%        3
 Summon Guardian Golem    Hex/Summ       0%         N/A       100%        3
 Freezing Cloud           Conj/Ice/Air   0%         6-21      100%        5


Dungeon Overview and Level Annotations

Branches:
Dungeon (4/15)             Temple (0/1) D:4

Altars:
Elyvilon
Vehumet

Annotations:
D:3 exclusion: statue


Message History

You are too injured to fight recklessly!
Unknown command.
You are too injured to fight recklessly!
Unknown command.
You closely miss the orc priest.
The orc priest is severely wounded.
The orc priest shouts, "Beogh is our master!
Accept the truth or die!"
You hit the orc priest.
The orc priest hits you but does no damage.
The orc priest hits you with a +2 whip of draining!
* * * LOW HITPOINT WARNING * * *
You feel drained.
* * * LOW HITPOINT WARNING * * *
The orc priest mumbles some strange prayers to Beogh against you.
Beogh smites you!
* * * LOW HITPOINT WARNING * * *
The orc priest shouts, "Join the one true god or die!"
It was a potion of curing.
You feel better. You block the orc priest's attack.
The orc priest hits you but does no damage.
You feel drained.
The orc priest mumbles some strange prayers to Beogh against you.
Beogh smites you!
* * * LOW HITPOINT WARNING * * *
You hit the orc priest.
You kill the orc priest!
You slash the orc priest!
The orc priest looks encouraged for a moment.
The orc priest begins to cast a cantrip, but forgets the words!
The orc priest threatens, "By the altar or by the axe, you will meet Beogh!"
You slash the orc priest!
You kill the orc priest!
You slash the orc priest!
The orc priest hits you but does no damage.
You block the orc priest's attack.
The orc priest shouts, "Beogh is our master!
Accept the truth or die!"
You hit the orc priest.
The orc priest is severely wounded.
The orc priest calls down the wrath of Beogh upon you.
Beogh smites you!
You die...

#........#......
?##.###.###...#. .#
##.#.##.#. ###.#
##.#.###.#. ##...#
#.#......#. ....#
###.####..##
...##.###...##..##
#o)##...#.#.##....
#@)....###...#####
#...#..#≈≈...≈≈#
#...#.##≈..♣..≈###
######...#.............
#.............♣._.♣...#
#.###....#...........##
#.# #.......#≈..♣..≈##
#.###.##.#..#≈≈...≈≈#
##.....##....###...###


You could see an orc priest.

Vanquished Creatures
  Grinder (D:4)
  A black bear (D:4)
  A howler monkey (D:3)
  4 orc priests
  Crazy Yiuf (D:2)
  3 iguanas
  A hound skeleton (D:4)
  3 gnolls (D:2)
  12 adders
  5 worms
  2 dart slugs
  10 orcs
  10 endoplasms
  5 giant cockroaches
  9 goblins
  12 hobgoblins
  10 jackals
  2 quokkas (D:4)
  4 ball pythons
  9 bats
  5 frilled lizards
  8 kobolds
  3 rats (D:2)
121 creatures vanquished.

Vanquished Creatures (others)
  A quokka (D:4)
1 creature vanquished.

Grand Total: 122 creatures vanquished

Notes
Turn   | Place    | Note
-------+----------+-------------------------------------------
     0 | D:1      | karlwayne the Hill Orc Fighter began the quest for the Orb.
     0 | D:1      | Reached XP level 1. HP: 19/19 MP: 1/1
    52 | D:1      | Reached skill level 3 in Axes
    59 | D:1      | Reached XP level 2. HP: 11/27 MP: 2/2
   451 | D:1      | Reached XP level 3. HP: 33/33 MP: 3/3
   793 | D:2      | Reached XP level 4. HP: 17/40 MP: 4/4
   866 | D:2      | Reached skill level 4 in Axes
  1172 | D:2      | Found a faded altar of an unknown god.
  1286 | D:2      | Reached skill level 1 in Dodging
  1574 | D:2      | Reached XP level 5. HP: 38/47 MP: 5/5
  1765 | D:2      | Found a runed translucent door.
  1766 | D:2      | Noticed Crazy Yiuf
  1842 | D:2      | Reached skill level 5 in Axes
  2040 | D:2      | Paralysed by Crazy Yiuf for 4 turns
  2051 | D:2      | Killed Crazy Yiuf
  2464 | D:3      | Reached XP level 6. HP: 47/55 MP: 6/6
  2646 | D:3      | Reached skill level 6 in Axes
  3003 | D:3      | Found a radiant altar of Vehumet.
  3129 | D:3      | Reached skill level 5 in Fighting
  3536 | D:4      | Noticed a black bear
  3545 | D:4      | Killed a black bear
  3546 | D:4      | Reached XP level 7. HP: 52/61 MP: 7/7
  3913 | D:4      | Reached skill level 7 in Axes
  4054 | D:4      | Noticed Grinder
  4055 | D:4      | Paralysed by Grinder for 6 turns
  4066 | D:4      | Killed Grinder
  4067 | D:4      | Reached skill level 5 in Shields
  4214 | D:4      | Found a staircase to the Ecumenical Temple.
  4317 | D:4      | Found a white marble altar of Elyvilon.
  4370 | D:4      | HP: 2/58 [orc priest/divine providence (16)]
  4373 | D:4      | Killed from afar by an orc priest

Illustrated notes

Levels and vault maps discovered:
D:1:      tarquinn_simple_flora_water_c, layout_rooms
D:2:      minmay_angry_zag, layout_rooms, hellmonk_ecumenical_altar_zigzags,
          minmay_octomino_c4, uniq_crazy_yiuf_cottage
D:3:      wander_river, layout_basic, vehumet_statue, minmay_misc_feat_ornament,
          minmay_quadrilaterals
D:4:      layout_loops_ring, elyvilon_altar_4, minmay_temple_entry_hall,
          hangedman_minor_gate_pass, uniq_grinder

Skill      XL: |  1  2  3  4  5  6  7 |
---------------+----------------------+-----
Axes           | 3 4 5 6 7 |  7.8
Fighting       | 4 5 |  5.4
Dodging        | 1 |  1.6
Shields        | 4 5 |  5.1
Armour         | 4 |  4.9
Stealth        | |  0.1

Action                   |  1- 3 |  4- 6 |  7- 9 || total
-------------------------+-------+-------+-------++-------
Melee: War axe           |    78 |   165 |    72 ||   315
  Use: Potion            |       |     1 |     1 ||     2
Armor: Scale mail        |    73 |    74 |    22 ||   169
Dodge: Dodged            |    41 |    59 |    22 ||   122
Block: Kite shield       |    67 |   102 |    42 ||   211
